 Dungeon Crawl Stone Soup version 0.26.0-10-g1f06aea511 (webtiles) character file.

Game seed: 14290365095798403884

940 Borgoz the Slasher (level 8, -4/67 HPs)
             Began as a Ghoul Gladiator on Jan 14, 2021.
             Was an Initiate of Ashenzari.
             Slain by a mummy (14 damage)
             ... in an ossuary.
             The game lasted 00:07:51 (4748 turns).

Borgoz the Slasher (Ghoul Gladiator)                Turns: 4748, Time: 00:07:51

Health: -4/67      AC: 12    Str: 18    XL:     8   Next: 12%
Magic:  7/7        EV: 12    Int:  3    God:    Ashenzari [......]
Gold:   340        SH:  0    Dex: 12    Spells: 7/7 levels left

rFire    . . .     SeeInvis .   a - +0 long sword
rCold    + . .     Faith    .   (no shield)
rNeg     + + +     Spirit   .   n - +0 ring mail
rPois    ∞         Reflect  .   c - +0 helmet
rElec    .         Harm     .   (no cloak)
rCorr    .         Rampage  .   (no gloves)
Will     .....                  e - +0 pair of boots
Stlth    +.........             (no amulet)
HPRegen  0.00/turn              l - +4 ring of protection
MPRegen  0.10/turn              (no ring)

@: no status effects
A: claws 1, cold resistance 1, negative energy resistance 3, inhibited
regeneration, torment resistance, unbreathing
a: Renounce Religion, Curse Item


You were in an ossuary.
You worshipped Ashenzari.
Ashenzari was noncommittal.
You visited 2 branches of the dungeon, and saw 7 of its levels.
You also visited: Ossuary.

You collected 340 gold pieces.

Inventory:

Hand Weapons
 a - a +0 long sword (weapon)
Missiles
 d - 3 throwing nets (quivered)
Armour
 c - a +0 helmet (worn)
 e - a +0 pair of boots (worn)
 n - a +0 ring mail (worn)
Jewellery
 l - a +4 ring of protection (left claw)
Scrolls
 f - a scroll of remove curse
 j - a scroll of magic mapping
Potions
 g - 3 potions of curing
 h - 4 potions of heal wounds {unknown}
 k - 3 potions of flight
 m - a potion of haste {unknown}


   Skills:
 + Level 4.5 Fighting
 * Level 5.4 Long Blades
 - Level 1.8 Throwing
 * Level 4.5 Armour
 + Level 4.2 Dodging


You had 7 spell levels left.
You didn't know any spells.
Your spell library contained the following spells:

 Spells                   Type           Power        Failure   Level
 Shock                    Conj/Air       0%           71%         1
 Summon Small Mammal      Summ           0%           71%         1
 Call Imp                 Summ           0%           83%         2
 Swiftness                Air            0%           83%         2
 Call Canine Familiar     Summ           0%           97%         3
 Confusing Touch          Hex            0%           97%         3
 Gell's Gravitas          Tloc           0%           97%         3
 Static Discharge         Conj/Air       0%           97%         3
 Summon Guardian Golem    Hex/Summ       0%           97%         3
 Airstrike                Air            0%           100%        4
 Petrify                  Tmut/Erth      0%           100%        4
 Summon Ice Beast         Ice/Summ       0%           100%        4
 Summon Lightning Spire   Summ/Air       0%           100%        4
 Lightning Bolt           Conj/Air       0%           100%        5
 Metabolic Englaciation   Hex/Ice        0%           100%        5
 Yara's Violent Unravell  Hex/Tmut       0%           100%        5


Dungeon Overview and Level Annotations

Branches:
Dungeon (6/15)             Temple (1/1) D:6         Ossuary (1/1)

Altars:
Ashenzari
Cheibriados
Dithmenos
Elyvilon
Fedhas
Gozag
Kikubaaqudgha
Makhleb
Nemelex Xobeh
Okawaru
Qazlal
Ru
Sif Muna
Trog
Vehumet
Wu Jian
Xom
Yredelemnul
Zin
The Shining One

Shops:
D:5 :


Innate Abilities, Weirdness & Mutations

You thrive by killing the living.
You are immune to poison.
You have sharp fingernails.
Your flesh is cold resistant. (rC+)
You are immune to negative energy. (rN+++)
You do not regenerate when monsters are visible.
You are immune to unholy pain and torment.
You can survive without breathing.


Message History

The human zombie hits you but does no damage.
The mummy misses you.
You riposte.
You closely miss the mummy.
The mummy is lightly damaged.
You barely miss the human zombie.
The human zombie is lightly damaged.
The human zombie hits you.
* * * LOW HITPOINT WARNING * * *
You slash the human zombie!
The human zombie is heavily damaged.
The centaur zombie hits you but does no damage.
The mummy hits you but does no damage. The centaur zombie barely misses you.
The human zombie hits you!
* * * LOW HITPOINT WARNING * * *
You hit the human zombie.
The human zombie is heavily damaged.
The centaur zombie hits you.
* * * LOW HITPOINT WARNING * * *
The centaur zombie hits you but does no damage.
The mummy hits you!
You die... #################### #................... #................... #........8..8....... #................... #...######..######.. #..Z# #^.# #.. #ZMZ#

#..# #..
#.Z@#.####^Z####Z#..
#.Z.#......M.ZZZZ#..
#...#......Z####Z#..
#...#.......# #..
#...#.......# #..
#...#.....∩.# #..
#...####'.... #..
#...# .#...# #..
#...# ..#... #..


You could see a mummy, a goblin zombie, an elf zombie, 2 centaur zombies and a
human zombie.

Vanquished Creatures
  An ogre (D:4)
  A bullfrog (D:6)
  3 scorpions
  2 hounds
  2 orc wizards (D:4)
  A jelly (D:5)
  A bullfrog skeleton (D:6)
  An orc priest (D:5)
  An iguana (D:4)
  3 worker ants
  2 mummies
  2 worker ant zombies
  7 gnolls
  8 adders
  An ufetubus (D:6)
  An ooze (D:3)
  2 adder skeletons
  2 adder zombies (Ossuary)
  3 worms
  3 dart slugs
  4 leopard geckos
  14 orcs
  7 bats
  6 giant cockroaches
  8 hobgoblins
  8 kobolds
  2 quokkas
  2 ball pythons
  6 frilled lizards
  9 goblins
  6 hobgoblin zombies (Ossuary)
  9 kobold zombies (Ossuary)
  A leopard gecko skeleton (D:5)
  10 orc zombies (Ossuary)
  9 rats
148 creatures vanquished.

Notes
Turn   | Place    | Note
-------+----------+-------------------------------------------
     0 | D:1      | Borgoz the Ghoul Gladiator began the quest for the Orb.
     0 | D:1      | Reached XP level 1. HP: 17/17 MP: 0/0
   134 | D:1      | Reached XP level 2. HP: 24/25 MP: 1/1
   362 | D:1      | Reached skill level 3 in Long Blades
   620 | D:1      | Reached skill level 1 in Armour
   791 | D:1      | Reached XP level 3. HP: 30/30 MP: 2/2
  1062 | D:2      | Found a radiant altar of Vehumet.
  1306 | D:2      | Reached XP level 4. HP: 27/37 MP: 3/3
  2340 | D:3      | Reached XP level 5. HP: 45/45 MP: 4/4
  2440 | D:3      | Found an ornate altar of the Wu Jian Council.
  2529 | D:3      | Found an opulent altar of Gozag.
  2950 | D:4      | Noticed an ogre
  2958 | D:4      | Killed an ogre
  2959 | D:4      | Reached skill level 4 in Long Blades
  2959 | D:4      | Reached XP level 6. HP: 33/51 MP: 5/5
  2990 | D:4      | Found a sparkling altar of Nemelex Xobeh.
  3162 | D:4      | Reached XP level 7. HP: 57/58 MP: 6/6
  3449 | D:4      | Found a white marble altar of Elyvilon.
  3611 | D:5      | Entered Level 5 of the Dungeon
  3801 | D:5      | Reached skill level 5 in Long Blades
  4155 | D:5      | Found an ancient bone altar of Kikubaaqudgha.
  4190 | D:5      | Found Ceusant's Book Shop.
  4318 | D:6      | Reached XP level 8. HP: 67/67 MP: 7/7
  4355 | D:6      | Found a staircase to the Ecumenical Temple.
  4370 | Temple   | Entered the Ecumenical Temple
  4509 | D:6      | Found a broken altar of Ashenzari.
  4509 | D:6      | Found a basalt altar of Yredelemnul.
  4510 | D:6      | Found a shadowy altar of Dithmenos.
  4514 | D:6      | Found an iron altar of Okawaru.
  4519 | D:6      | Became a worshipper of Ashenzari the Shackled
  4561 | D:6      | Found a sand-covered staircase.
  4570 | Ossuary  | Entered an ossuary
  4748 | Ossuary  | Slain by a mummy

Illustrated notes

Levels and vault maps discovered:
D:1:      elethiomel_arrival_shortcut, layout_loops_corners
D:2:      layout_loops_ring, old_standard_altar
D:3:      mumra_celtic_spiral_tile, layout_basic, nzn_wu_jian_contemplation,
          grunt_gozag_breadcrumbs
D:4:      layout_cave_pools, elyvilon_altar_1, nemelex_xobeh_ov_fountains_minmay
D:5:      layout_basic, kennysheep_mini_moat, serial_shops, nicolae_shop_trees
D:6:      layout_cave_pods, chequers_temple_overflow_statue_of_worship,
          minmay_temple_entry_offerings, nicolae_ossuary_entry_giza,
          st_stairs_6, tso_metal_star
Temple:   eino_wide_crystal_templ
Ossuary:  ossuary_tomb_1

Skill      XL: |  1  2  3  4  5  6  7 |
---------------+----------------------+-----
Long Blades    | 3 4 5 |  5.4
Armour         | 1 2 3 4 |  4.5
Dodging        | 3 4 |  4.2
Fighting       | 3 4 |  4.5
Throwing       | |  1.8

Action                   |  1- 3 |  4- 6 |  7- 9 || total
-------------------------+-------+-------+-------++-------
Melee: Long sword        |    98 |   205 |   218 ||   521
  Use: Scroll            |       |     6 |     8 ||    14
       Potion            |       |     1 |     2 ||     3
Armor: Leather armour    |    34 |     4 |       ||    38
       Ring mail         |       |   134 |   108 ||   242
Dodge: Dodged            |    75 |   180 |   158 ||   413
       Rpst.: Long sword |    21 |    47 |    44 ||   112
